woodfighter, chaotic female elven Priestess -------- -------------- |...|..|--- |...^^^^^^^^.| |.`....|%.| |...--------+-- --.--`.|>.------.-- |.....| |..`.`--...|..|^| --|B....| |.|..`.|[.....|^| |.+d....| |.`.|`..%%---.|^| |-|o....| |.....--.`---.|^| |.+B.(..| ---.`.|..`.@m.|^| |-|rr...| ---.|..`--..|.| |.+l....| |..```.||....| --|r....| |.....-----..| |l....| ------- ---- ------- woodfighter the Adept Experience level: 6 Strength: 14 Dexterity: 15 Constitution: 13 Intelligence: 20 Wisdom: 9 Charisma: 10 Health: 0(41) Energy: 68(68) Def: 5 Gold: 0 Moves: 3806 Dungeon seed: bltdE5MZ_zbyHKgv Game ID: woodfighter_1534345562 Your Inventory: Weapons a - a blessed +1 mace (weapon in hand) Armor e - a +0 robe (being worn) n - a +0 small shield (being worn) q - a +1 dwarvish cloak I - a +0 helm of telepathy (being worn) N - a +0 pair of water walking boots V - a +0 mummy wrapping Y - a +0 pair of speed boots (being worn) Comestibles b - 3 eggs c - a clove of garlic d - a sprig of wolfsbane g - a fortune cookie k - 3 lichen corpses z - a magic bean F - an orange H - 3 tripe rations J - a banana L - 13 food rations Scrolls U - 2 scrolls of blank paper Rings R - a ring of searching (on left hand) T - a ring of slow digestion Z - a ring of searching Wands f - a wand of make invisible (0:7) S - a wand of enlightenment (0:8) Tools y - a skeleton key Gems r - a luckstone Spells and supernatural/magical abilities: Name Level Category Fail Memory l - light 1 divination 0% 81% n - detect monsters 1 divination 0% 81% p - protection 1 clerical 0% 81% W - pray for help -- divine ? -- X - turn undead -- divine ? -- Your skills at the end: Miscellaneous Skills shield [Basic] wands [Basic] Weapon Skills mace [Basic] Spellcasting Skills clerical spells [Basic] Final Attributes: You were piously aligned. You were sleep resistant. You were poison resistant. Your writing hand was ok. You were telepathic. You had automatic searching. You had infravision. You were stealthy. You were held by a giant mimic. You were very fast. You were lucky. You had extra luck. Bad luck did not time out for you. Good luck did not time out for you. You are dead. Vanquished creatures: a giant mimic a quivering blob a dog a blue jelly a gnome mummy a fog cloud a gnomish wizard a guardian naga hatchling a gray ooze a straw golem a paper golem 3 kittens an iguana 2 hill orcs 3 rothes a rabid rat a jitterbug a giant bat a monkey 2 dwarf zombies a coyote 2 hobbits an acid blob 2 large kobolds 3 geckos 3 hobgoblins 2 giant rats a cave spider a brown mold a yellow mold a green mold 3 red molds 7 garter snakes 2 manes a gnome zombie 12 jackals 2 foxes 2 newts 2 goblins 2 sewer rats 5 grid bugs a bat 5 lichens 88 creatures vanquished. Voluntary challenges: You did not cause conflict. You were not invisible. You did not have reflection. You were not displaced. You were an atheist. You used a wielded weapon 160 times, starting on turn 126. You did not apply a unicorn horn. You did not use plumbed fixtures. You did not drink any magical draughts. You read items or engraved 3 times, starting on turn 3189. You never genocided any monsters. You never polymorphed an object. You never changed form. You used no wishes. You never split a pudding. You never wrote Elbereth's name. You never violated your personal moral code. Dungeon overview: The Dungeons of Doom: levels 1 to 7 Level 1 (box) a long staircase Level 2 a fountain Level 3 a fountain stairs to The Gnomish Mines Level 4 Level 5 some fountains Level 6 many fountains Level 7 a potion shop stairs to Sokoban The Gnomish Mines: Level 4 stairs to The Dungeons of Doom Sokoban: levels 3 to 6 Level 3 <- You were here a magic chest Level 4 Level 5 Level 6 a magic chest stairs to The Dungeons of Doom History has recorded: On T:1 you entered the Dungeons of Doom to retrieve the Amulet of Yendor! On T:134 you reached level 2 of The Dungeons of Doom. On T:547 you advanced to experience level 2. On T:617 you reached level 3 of The Dungeons of Doom. On T:668 you reached level 4 of The Dungeons of Doom. On T:722 you advanced to experience level 3. On T:730 you reached level 1 of The Gnomish Mines. On T:966 you reached level 5 of The Dungeons of Doom. On T:1221 you advanced to experience level 4. On T:1292 you reached level 6 of The Dungeons of Doom. On T:1642 you advanced to experience level 5. On T:2042 you reached level 7 of The Dungeons of Doom. On T:2176 you reached level 4 of Sokoban. On T:2262 you opened a magic chest. On T:2677 you reached level 3 of Sokoban. On T:2679 you advanced to experience level 6. On T:3191 you reached level 2 of Sokoban. On T:3751 you reached level 1 of Sokoban. Score breakdown: Gold: 0 ( 0 points) Experience: 6 levels ( 500 points) Exploration: 7 levels ( 180 points) Discoveries: 12 items ( 600 points) Variety of kills: 43 monsters ( 2000 points) Major goal: (nothing yet) ( 0 points) Survival: died (score multiplied by 3) Total score: 9840 Latest messages: You stop eating. (3x) You hit the hill orc! The hill orc punches you! You kill the hill orc! The fox misses. You kill the fox! There are a few objects here. b - an egg. L - 4 food rations. You see here a fox corpse. With great effort you move the boulder. You see here a fox corpse. You see here an iron skull cap. With great effort you move the boulder. You kill the goblin! With great effort you move the boulder. The boulder falls into and plugs a hole in the floor! You hit the giant mimic. (3x) You hit the giant mimic! You hit the giant mimic. (3x) The giant mimic claws you! (2x) You hit the giant mimic! (2x) You hit the giant mimic. (2x) You hit the giant mimic! The giant mimic claws you! (2x) You die... Final status: Goodbye woodfighter the Priestess, killed by a giant mimic... You died in Sokoban on dungeon level 3 with 9840 points, and 0 pieces of gold, after 3806 moves. You were level 6 with a maximum of 41 hit points when you died.